 Dungeon Crawl Stone Soup version 0.31-a0-345-g1ebeae05c6 (webtiles) character file.

Game seed: 3734057315672984467

5025 quinnr the Zephyrmancer (level 10, -22/56 HPs)
             Began as a Tengu Air Elementalist on July 22, 2023.
             Annihilated by a death yak (24 damage)
             ... on level 8 of the Dungeon.
             The game lasted 00:19:31 (10471 turns).

quinnr the Zephyrmancer (Tengu Air Elementalist)   Turns: 10471, Time: 00:19:33

Health: -22/56     AC:  3    Str: 10    XL:     10   Next: 55%
Magic:  1/29       EV: 16    Int: 19    God:
Gold:   560        SH:  0    Dex: 14    Spells: 9/21 levels left

rFire   . . .        i - staff of air {!a}
rCold   + . .        (no shield)
rNeg    . . .        o - +0 robe {rC+}
rPois   .            (helmet restricted)
rElec   +            c - +0 cloak
rCorr   .            (no gloves)
SInv    .            (boots unavailable)
Will    .....        (no amulet)
Stlth   +++          M - ring of magical power
HPRegen 0.29/turn    Z - ring of wizardry
MPRegen 0.21/turn

%: wizardry (x1)
@: sluggish, flying quickly and evasively, very slow
A: beak, talons 3, nimble flight
a: no special abilities


You were on level 8 of the Dungeon.
You visited 1 branch of the dungeon, and saw 8 of its levels.
You also visited: Bailey.

You collected 560 gold pieces.


Innate Abilities, Weirdness & Mutations

You have a beak for a mouth.
You have claws for feet.
Your magical nature lets you fly swiftly and evasively.


   Skills:
 - Level 3.0 Fighting
 - Level 5.0 Dodging
 + Level 5.3 Stealth
 - Level 6.0 Spellcasting
 - Level 3.0 Conjurations
 - Level 5.0 Transmutations
 - Level 12.0 Air Magic
 - Level 3.0 Earth Magic
 - Level 3.0 Evocations


You had 9 spell levels left.
You knew the following spells:

 Your Spells              Type           Power      Damage    Failure   Level
a - Airstrike             Air            33%        2d(5-21)  1%          4
e - Passwall              Tmut/Erth      16%        N/A       1%          2
i - Swiftness             Air            67%        N/A       1%          3
t - Static Discharge      Conj/Air       100%       2-7/arc   1%          2
z - Shock                 Conj/Air       100%       1d9       1%          1

Your spell library contained the following spells:

 Spells                   Type           Power      Damage    Failure   Level
 Sandblast                Erth           34%        2d9       1%          1
 Stone Arrow              Conj/Erth      34%        3d9       4%          3
 Animate Dead             Necr           5%         N/A       38%         4
 Haunt                    Necr/Summ      2%         N/A       100%        7
 Infestation              Necr           2%         N/A       100%        8

Inventory:

Hand Weapons
 d - a +3 dagger
 v - the +2 quarterstaff "Qunof" {freeze, rN+}
   (You found it on level 5 of the Dungeon)

   rN:        It protects you from negative energy.
Armour
 c - a +0 cloak (worn)
 o - a +0 robe of cold resistance (worn)
Magical Staves
 i - a staff of air (weapon) {!a}
 C - a staff of cold {!a}
Jewellery
 z - a ring of wizardry
 M - a ring of magical power (left hand)
 Z - a ring of wizardry (right hand)
Wands
 j - a wand of flame (10)
 y - a wand of iceblast (10)
Scrolls
 a - 4 scrolls of enchant weapon
 m - 7 scrolls of enchant armour
 n - a scroll of poison {unknown}
 p - a scroll of torment {unknown}
 q - 4 scrolls of teleportation {unknown}
 s - a scroll of immolation {unknown}
 u - a scroll of blinking {unknown}
 w - 3 scrolls of amnesia
 A - a scroll of brand weapon
 B - 3 scrolls of summoning
Potions
 b - 2 potions of magic
 e - 2 potions of curing {@q1}
 f - 6 potions of might {unknown}
 g - a potion of haste {unknown}
 h - 21 potions of degeneration
 k - 3 potions of heal wounds {@q2}
 l - 2 potions of resistance {unknown}
 r - 3 potions of attraction
 t - a potion of enlightenment
 x - 2 potions of invisibility {unknown}

Dungeon Overview and Level Annotations

Branches:
Dungeon (8/15)             Temple (0/1) D:7          Bailey (visited)
   Lair: D:8-11

Altars:
Fedhas
Okawaru
Qazlal
Wu Jian

Shops:
D:2 ([(

Annotations:
D:4 1 runed translucent door
D:6 exclusion: oklob plant

.## #Y# .. .
#.##### .# ...
##.#...## .##.....
#...###.# ........
#...# #.# ###.....
###Y###.# ###.....
##o..## ........
##Y## .....### #@#
####.# #<# ####.#
#.# .....# #.#
#.##.# ######.#
#.##.######...##.#
............#....#
####.######...####
####.# #####


You could see 2 death yaks and an orc.


Message History

The death yak gores you!
* * * LOW HITPOINT WARNING * * *
The death yak attacks as you move away! The death yak gores you!!
* * * LOW HITPOINT WARNING * * *
Okay, then.
Casting: Static Discharge (safe; 1% risk of failure)
Confirm with . or Enter, or press ? or * to list all spells.
Aiming: Shock (safe; 1% risk of failure)
Press: ? - help, Shift-Dir - straight line
Okay, then.
Casting: Shock (safe; 1% risk of failure)
Confirm with . or Enter, or press ? or * to list all spells.
Aiming: Airstrike (safe; 1% risk of failure)
Press: ? - help, Dir - move target, f - death yak
Aim: a death yak (almost dead, empty space bonus: 3/8)
You feel a surge of power!
The air twists around and strikes the death yak but does no damage.
You start to feel a little faster.
The death yak completely misses you.
Unknown command.
Casting: Airstrike (safe; 1% risk of failure)
Confirm with . or Enter, or press ? or * to list all spells.
Aiming: Airstrike (safe; 1% risk of failure)
Press: ? - help, Dir - move target, f/p - death yak
Aim: a death yak (almost dead, empty space bonus: 2/8)
You feel a surge of power!
The air twists around and strikes the death yak.
The death yak is almost dead.
The death yak gores you!!
You die...

Skill      XL: |  1  2  3  4  5  6  7  8  9 10 |
---------------+-------------------------------+-----
Air Magic      | 5 6 7 9 11 12 | 12.0
Fighting       | 1 2 3 |  3.0
Dodging        | 3 5 |  5.0
Spellcasting   | 3 4 6 |  6.0
Conjurations   | 3 |  3.0
Evocations     | 2 3 |  3.0
Transmutations | 1 3 5 |  5.0
Earth Magic    | 1 3 |  3.0
Stealth        | 5 |  5.3

Action                     |  1- 3 |  4- 6 |  7- 9 | 10-12 || total
---------------------------+-------+-------+-------+-------++-------
  Melee: Staff             |       |       |    12 |       ||    12
         Kick              |       |       |     4 |       ||     4
         Peck              |       |       |     1 |       ||     1
   Cast: Shock             |    50 |    53 |    42 |    54 ||   199
         Static Discharge  |     1 |     7 |    11 |     4 ||    23
         Airstrike         |       |     2 |   104 |    46 ||   152
         Swiftness         |       |       |     2 |     2 ||     4
  Evoke: Wand              |       |       |       |     2 ||     2
    Use: Scroll            |     3 |     2 |     3 |     1 ||     9
 Armour: Robe              |       |     2 |     5 |       ||     7
  Dodge: Dodged            |     5 |     9 |    33 |    19 ||    66

Levels and vault maps discovered:
D:1:      eino_arrival_water_star, layout_basic,
          dreamdust_ecumenical_altar_drowned_temple
D:2:      layout_rooms, serial_shops, nicolae_square_shop,
          nicolae_shop_bloodbath_and_beyond, shop, uniq_terence, uniq_robin
D:3:      layout_loops_corners, mainiacjoe_overflow_concentric_impassable,
          uniq_sigmund
D:4:      layout_layer_cave, gammafunk_temple_overflow_pools,
          ebering_ghost_sewer_f, serial_forest, infiniplex_forest_end_1,
          infiniplex_forest_diagonal, infiniplex_forest_lined_ring,
          infiniplex_forest_clump_small, infiniplex_forest_corner_1,
          infiniplex_forest_3_way, infiniplex_forest_clump_tiny,
          infiniplex_forest_lined_4_way, infiniplex_forest_straight_4,
          infiniplex_forest_lined_2, uniq_pikel
D:5:      layout_basic, uniq_edmund, uniq_crazy_yiuf_cottage
D:6:      layout_loops_ring, tgw_fedhas, uniq_prince_ribbit1
D:7:      layout_rooms, minmay_temple_entry_statues_pillars, enter_bailey_7
D:8:      cheibrodos_iron_armory, layout_loops_cross, dpeg_lair_monsters,
          minmay_diced_spiral

Notes
Turn   | Place    | Note
-------+----------+-------------------------------------------
     0 | D:1      | quinnr the Tengu Air Elementalist began the quest for the
                  | Orb.
     0 | D:1      | Reached XP level 1. HP: 10/10 MP: 4/4
   253 | D:1      | Found a faded altar of an unknown god.
   539 | D:1      | Reached XP level 2. HP: 7/15 MP: 0/6
   674 | D:1      | Learned a level 2 spell: Static Discharge
   925 | D:2      | Reached skill level 5 in Air Magic
  1056 | D:2      | Found Jiyba's Weapon Emporium.
  1071 | D:2      | Reached XP level 3. HP: 19/19 MP: 1/7
  1235 | D:2      | Noticed Terence
  1252 | D:2      | Killed Terence
  1253 | D:2      | Reached skill level 6 in Air Magic
  1315 | D:2      | You fall into a shaft and drop 2 floors!
  1432 | D:4      | Reached XP level 4. HP: 24/24 MP: 2/8
  1564 | D:4      | Noticed a black bear
  1640 | D:3      | Found an iron altar of Okawaru.
  1818 | D:2      | Found Jaunn's Antique Armour Emporium.
  1829 | D:2      | Reached skill level 7 in Air Magic
  1894 | D:2      | Found Dojiexor's Weapon Shoppe.
  2080 | D:2      | Gained mutation: Your magical nature lets you fly swiftly
                  | and evasively. [Tengu growth]
  2080 | D:2      | Reached XP level 5. HP: 27/28 MP: 5/9
  2174 | D:2      | Noticed Robin
  2180 | D:2      | Killed Robin
  2181 | D:2      | Reached skill level 1 in Fighting
  2526 | D:3      | Noticed Sigmund
  2592 | D:3      | Learned a level 4 spell: Airstrike
  3314 | D:4      | Noticed a lemure
  3314 | D:4      | Noticed a lemure
  3314 | D:4      | Noticed a lemure
  3315 | D:4      | Noticed Pikel
  3318 | D:4      | Killed Pikel
  3319 | D:4      | Reached skill level 3 in Dodging
  3319 | D:4      | Reached skill level 8 in Air Magic
  3319 | D:4      | Reached skill level 3 in Spellcasting
  3319 | D:4      | Reached skill level 3 in Conjurations
  3319 | D:4      | Reached skill level 9 in Air Magic
  3319 | D:4      | Reached skill level 2 in Evocations
  3319 | D:4      | Reached XP level 6. HP: 34/34 MP: 0/11
  3319 | D:4      | Reached XP level 7. HP: 38/38 MP: 0/12
  3495 | D:3      | Killed Sigmund
  3496 | D:3      | Reached skill level 3 in Evocations
  3496 | D:3      | Reached skill level 2 in Fighting
  3597 | D:3      | Learned a level 2 spell: Passwall
  3934 | D:4      | Found a runed translucent door.
  3974 | D:4      | Found a stormy altar of Qazlal.
  3975 | D:4      | Found an ornate altar of the Wu Jian Council.
  3979 | D:4      | Reached skill level 1 in Transmutations
  3979 | D:4      | Reached XP level 8. HP: 44/44 MP: 13/14
  4049 | D:4      | Found a runed translucent door.
  4050 | D:4      | Noticed osoart's ghost (amateur OpSh)
  4054 | D:4      | Identified the +1 chain mail of Dramatic Exits {rN+}
  5155 | D:4      | Learned a level 3 spell: Swiftness
  5168 | D:4      | Killed osoart's ghost
  5169 | D:4      | Reached skill level 4 in Spellcasting
  5169 | D:4      | Reached skill level 2 in Transmutations
  5325 | D:5      | Entered Level 5 of the Dungeon
  5347 | D:5      | Reached skill level 10 in Air Magic
  5417 | D:5      | Noticed Edmund
  5421 | D:5      | Killed Edmund
  5422 | D:5      | Reached skill level 3 in Transmutations
  5612 | D:5      | Identified the +2 quarterstaff "Qunof" {freeze, rN+}
  5652 | D:5      | Reached skill level 11 in Air Magic
  5793 | D:5      | Reached XP level 9. HP: 49/49 MP: 16/16
  5975 | D:5      | Reached skill level 3 in Fighting
  5975 | D:5      | Reached skill level 4 in Dodging
  6221 | D:5      | Found a runed translucent door.
  6222 | D:5      | Noticed Crazy Yiuf
  6504 | D:5      | Killed Crazy Yiuf
  6573 | D:6      | Noticed Prince Ribbit
  6576 | D:6      | Reached skill level 5 in Dodging
  6908 | D:6      | Killed Prince Ribbit
  6909 | D:6      | Reached skill level 5 in Spellcasting
  7191 | D:6      | Reached skill level 6 in Spellcasting
  7437 | D:6      | Found a blossoming altar of Fedhas.
  7463 | D:6      | Noticed an oklob plant
  8550 | D:7      | Reached skill level 1 in Earth Magic
  8691 | D:7      | Found a flagged portal.
  8720 | Bailey   | Entered a bailey
  8779 | Bailey   | Reached XP level 10. HP: 56/56 MP: 19/20
  8881 | Bailey   | Reached skill level 4 in Transmutations
  8881 | Bailey   | Reached skill level 12 in Air Magic
  8881 | Bailey   | Reached skill level 2 in Earth Magic
  9394 | Bailey   | Noticed an orc knight
  9423 | Bailey   | Killed an orc knight
  9424 | Bailey   | Reached skill level 3 in Stealth
  9424 | Bailey   | Reached skill level 5 in Transmutations
  9424 | Bailey   | Reached skill level 3 in Earth Magic
  9593 | D:7      | Found a staircase to the Ecumenical Temple.
  9727 | D:7      | Reached skill level 4 in Stealth
  9960 | D:7      | Reached skill level 5 in Stealth
 10254 | D:8      | Noticed a death yak
 10436 | D:8      | Noticed a death yak
 10439 | D:8      | Noticed a death yak
 10469 | D:8      | HP: 1/56 [death yak (20)]
 10471 | D:8      | Annihilated by a death yak

Vanquished Creatures
  Pikel (D:4)
  An orc knight (Bailey)
  Prince Ribbit (D:6)
  Sigmund (D:3)
  Edmund (D:5)
  The ghost of osoart the Insei, an amateur OpSh of Trog (D:4)
  2 sky beasts (D:7)
  2 black bears
  9 orc warriors
  2 ice beasts
  3 ogres
  A phantom (D:6)
  4 centaurs
  3 bullfrogs
  A kobold brigand (D:6)
  3 scorpions
  3 howler monkeys
  Crazy Yiuf (D:5)
  8 hounds
  3 orc priests
  3 sleepcaps
  Terence (D:2)
  3 iguanas
  5 orc wizards
  A hell rat (D:8)
  Robin (D:2)
  6 gnolls
  8 adders
  4 river rats
  2 shadow imps
  An ufetubus (D:6)
  2 worms (D:2)
  2 dart slugs
  30 orcs
  3 bats
  5 endoplasms
  2 giant cockroaches (D:3)
  10 goblins
  7 hobgoblins
  6 kobolds
  10 quokkas
  4 ball pythons
  2 frilled lizards (D:2)
  6 rats
  A spectral goblin (D:1)
176 creatures vanquished.

Table legend: (Time is in decaauts)
 A = Elapsed time spent in this place.
 B = Non-inter-level travel time spent in this place.
 C = Inter-level travel time spent in this place.
 D = Time resting spent in this place.
 E = Time spent auto-exploring this place.
 F = Levels seen in this place.
 G = Mean time per level.
                   A        B        C        D        E       F      G
               +--------+--------+--------+--------+--------+-----+--------+
         Total |  10053 |   9604 |    449 |   1306 |   7132 |   9 | 1117.0 |
       Dungeon |   9220 |   8771 |    449 |   1023 |   6728 |   8 | 1152.5 |
        Bailey |    832 |    832 |      0 |    283 |    403 |   1 |  832.0 |
               +--------+--------+--------+--------+--------+-----+--------+

Top non-repeatable levels by time:
     D:4: 1871 daAuts
     D:5: 1698 daAuts
     D:6: 1378 daAuts
     D:3: 1181 daAuts
     D:2: 1092 daAuts
     D:1: 977 daAuts
  Bailey: 832 daAuts
     D:7: 808 daAuts
     D:8: 212 daAuts

Table legend:
 A = Non-vault XP
 B = Vault XP
 C = Vault XP percentage of total XP
 D = Non-vault monster count
 E = Vault monster count
 F = Vault count percentage of total count
                 A         B        C        D         E       F
            +---------+---------+-------+---------+---------+-------
      Total |    3652 |    3527 |  49.1 |     114 |      62 |  35.2
            +---------+---------+-------+---------+---------+-------
        D:1 |      14 |       3 |  17.6 |       8 |       2 |  20.0
        D:2 |      58 |      70 |  54.7 |      17 |      12 |  41.4
        D:3 |      18 |     210 |  92.1 |      10 |       1 |   9.1
        D:4 |     447 |     934 |  67.6 |      16 |       7 |  30.4
        D:5 |     701 |     211 |  23.1 |      21 |       2 |   8.7
        D:6 |    1007 |     277 |  21.6 |      24 |       1 |   4.0
        D:7 |    1292 |      45 |   3.4 |      16 |       4 |  20.0
        D:8 |     115 |      52 |  31.1 |       2 |       6 |  75.0
     Bailey |       0 |    1725 | 100.0 |       0 |      27 | 100.0
            +---------+---------+-------+---------+---------+-------

Levels and vault maps discovered:
D:1:      eino_arrival_water_star, layout_basic,
          dreamdust_ecumenical_altar_drowned_temple
D:2:      layout_rooms, serial_shops, nicolae_square_shop,
          nicolae_shop_bloodbath_and_beyond, shop, uniq_terence, uniq_robin
D:3:      layout_loops_corners, mainiacjoe_overflow_concentric_impassable,
          uniq_sigmund
D:4:      layout_layer_cave, gammafunk_temple_overflow_pools,
          ebering_ghost_sewer_f, serial_forest, infiniplex_forest_end_1,
          infiniplex_forest_diagonal, infiniplex_forest_lined_ring,
          infiniplex_forest_clump_small, infiniplex_forest_corner_1,
          infiniplex_forest_3_way, infiniplex_forest_clump_tiny,
          infiniplex_forest_lined_4_way, infiniplex_forest_straight_4,
          infiniplex_forest_lined_2, uniq_pikel
D:5:      layout_basic, uniq_edmund, uniq_crazy_yiuf_cottage
D:6:      layout_loops_ring, tgw_fedhas, uniq_prince_ribbit1
D:7:      layout_rooms, minmay_temple_entry_statues_pillars, enter_bailey_7
D:8:      cheibrodos_iron_armory, layout_loops_cross, dpeg_lair_monsters,
          minmay_diced_spiral
